General information
- name: grudge
- type: Custom game
- host: iggy_the_fisk
- saver: Mata.
map: TerenasStand
- players: 5
- length: 22:16
- speed: Fast
- version: 1.21 W3XP
- replay type:

» download(114 KB)
Players
team 1 (winner)
Mata. (
green | 194 APM | 4326 actions | 22:16)
5 Warden
3 Shadow Strike
2 Fan of Knives
5 Pandaren Brewmaster
3 Breath of Fire
2 Drunken Haze
» actions
| Assign group hotkey | 254 | |
| Basic commands | 21 | |
| Build / train | 96 | |
| Enter build submenu | 24 | |
| Enter hero's abilities submenu | 10 | |
| Give item / drop item | 2 | |
| Remove unit from queue | 8 | |
| Right click | 2149 | |
| Select / deselect | 802 | |
| Select group hotkey | 784 | |
| Use ability | 176 | |
4326 total
» units
| Wisp | 36 | |
| Archer | 6 | |
| Forest Troll Shadow Priest | 3 | |
| Druid of the Claw | 6 | |
| Dryad | 1 | |
| Hippogryph | 2 | |
| Chimaera | 1 | |
55 total
» upgrades
| Druid of the Claw Training | 2 | |
| Hippogryph Taming | 0 | |
| Nature's Blessing | 1 | |
3 total
» buildings
| Altar of Elders | 1 | |
| Moon Well | 7 | |
| Ancient of War | 1 | |
| Tree of Ages | 2 | |
| Hunter's Hall | 1 | |
| Ancient of Lore | 2 | |
| Tree of Eternity | 1 | |
| Tree of Life | 3 | |
| Ancient Protector | 2 | |
| Ancient of Wind | 1 | |
| Chimaera Roost | 2 | |
23 total
» build order
00:04 Altar of Elders
00:16 Moon Well
00:58 Ancient of War
01:29 Moon Well
02:27 Tree of Ages
02:27 Tree of Ages
03:33 Hunter's Hall
04:39 Moon Well
04:40 Moon Well
04:52 Ancient of Lore
04:53 Ancient of Lore
06:21 Tree of Eternity
09:31 Tree of Life
09:32 Tree of Life
09:48 Moon Well
11:18 Ancient Protector
11:21 Ancient of Wind
15:15 Moon Well
15:17 Moon Well
17:04 Tree of Life
18:27 Chimaera Roost
18:30 Chimaera Roost
20:45 Ancient Protector
» items
| Scroll of Town Portal | 3 | |
| Scroll of Healing | 2 | |
| Scroll of Protection | 2 | |
| Potion of Lesser Invulnerability | 1 | |
| Periapt of Vitality | 1 | |
9 total
team 2 (loser)
TowerPowerNerf (
purple | 189 APM | 4209 actions | 22:15)
4 Archmage
2 Summon Water Elemental
2 Brilliance Aura
1 Mountain King
1 Storm Bolt
» actions
| Assign group hotkey | 324 | |
| Basic commands | 80 | |
| Build / train | 96 | |
| ESC pressed | 15 | |
| Enter build submenu | 56 | |
| Enter hero's abilities submenu | 5 | |
| Give item / drop item | 1 | |
| Remove unit from queue | 1 | |
| Right click | 1814 | |
| Select / deselect | 471 | |
| Select group hotkey | 1197 | |
| Use ability | 149 | |
4209 total
» units
| Peasant | 32 | |
| Footman | 9 | |
| Goblin Zeppelin | 1 | |
| Goblin Sapper | 1 | |
| Siege Engine | 10 | |
| Goblin Shredder | 1 | |
| Flying Machine | 5 | |
59 total
» upgrades
» buildings
| Altar of Kings | 3 | |
| Barracks | 1 | |
| Farm | 9 | |
| Arcane Vault | 4 | |
| Scout Tower | 23 | |
| Arcane Tower | 1 | |
| Lumber Mill | 1 | |
| Guard Tower | 10 | |
| Town Hall | 1 | |
| Keep | 1 | |
| Castle | 1 | |
| Blacksmith | 3 | |
| Workshop | 1 | |
| Cannon Tower | 3 | |
62 total
» build order
00:13 Altar of Kings
00:23 Barracks
00:32 Farm
00:51 Farm
03:22 Arcane Vault
03:30 Arcane Vault
03:39 Scout Tower
03:56 Farm
04:24 Arcane Tower
05:03 Farm
05:18 Lumber Mill
06:33 Farm
06:42 Scout Tower
06:55 Guard Tower
06:56 Scout Tower
06:57 Scout Tower
07:00 Town Hall
07:10 Keep
07:22 Scout Tower
07:26 Guard Tower
08:11 Scout Tower
08:34 Scout Tower
08:39 Scout Tower
08:41 Scout Tower
08:42 Guard Tower
08:48 Arcane Vault
08:52 Arcane Vault
08:57 Scout Tower
09:11 Guard Tower
09:14 Guard Tower
09:27 Guard Tower
09:29 Guard Tower
09:31 Scout Tower
11:10 Guard Tower
11:16 Castle
11:20 Scout Tower
11:21 Scout Tower
11:34 Blacksmith
11:35 Blacksmith
11:36 Blacksmith
11:58 Guard Tower
12:12 Scout Tower
12:14 Scout Tower
12:17 Scout Tower
13:04 Guard Tower
13:30 Workshop
13:47 Scout Tower
14:03 Altar of Kings
14:04 Altar of Kings
18:04 Scout Tower
18:09 Scout Tower
18:13 Scout Tower
18:21 Scout Tower
19:57 Cannon Tower
20:01 Scout Tower
20:15 Farm
20:19 Farm
20:20 Farm
20:34 Cannon Tower
20:36 Scout Tower
21:10 Cannon Tower
21:30 Farm
» items
| Scroll of Regeneration | 5 | |
| Lesser Clarity Potion | 2 | |
| Staff of Teleportation | 1 | |
8 total
refereesiggy_the_fisk,
BEAR_AND,
timg4strok Chat log
(00:09 / All) Mata.: GL & HF
(00:39 / All) Mata.: for the replay: GUY IS CLICKING A LOT
(01:00 / All) iggy_the_fisk: That is true.
(01:00 / All) TowerPowerNerf: for the crowd
(01:03 / All) TowerPowerNerf: expect some tower
(01:09 / All) Mata.: no joke
(01:12 / All) BEAR_AND: *cheer*
(01:16 / All) BEAR_AND: *hooray.
(01:24 / All) TowerPowerNerf: x)
(01:24 / All) Mata.: will it be in my base? will it be in yours? your expo? only the obs know
(01:34 / All) timg4strok: he would know too : - )
(01:37 / All) TowerPowerNerf: only the future knows
(01:38 / All) Mata.: maybe not
(02:16 / All) Mata.: is that your dad in vent background?
(02:29 / All) TowerPowerNerf: yes
(02:32 / All) Mata.: crazy
(02:34 / All) BEAR_AND: i order you
(02:43 / All) BEAR_AND: militia creep the lab
(02:58 / All) BEAR_AND: (notice i said that after mata already seen)
(11:15 / All) Mata.: moon???
(11:25 / All) TowerPowerNerf: ofc
(13:02 / All) TowerPowerNerf: :(
(18:49 / All) TowerPowerNerf: crap
(19:15 / All) Mata.: ugh
(19:51 / All) Mata.: fitttaa
(22:14 / All) TowerPowerNerf: gg